 Dungeon Crawl Stone Soup version bcrawl-1.22 (webtiles) character file.

Game seed: 14270553653814116352

26 pasperui the Digger (level 3, -1/20 HPs)
             Began as a Gargoyle Earth Elementalist on May 11, 2020.
             Slain by Terence
             ... wielding a +1 short sword of holy wrath
              (5 damage)
             ... on level 2 of the Dungeon.
             The game lasted 00:03:59 (1890 turns).

pasperui the Digger (Gargoyle Earth Elementalist)   Turns: 1890, Time: 00:03:59

Health: -1/20      AC:  5    Str: 12    XL:     3   Next: 8%
Magic:  1/6        EV: 12    Int: 15    God:
Gold:   63         SH:  0    Dex: 10    Spells: 5/6 levels left

rFire    . . .     SeeInvis .   m - +0 whip (curse)
rCold    . . .     Gourm    .   (no shield)
rNeg     + . .     Faith    .   c - +0 robe
rPois    ∞         Spirit   .   (no helmet)
rElec    +         Reflect  .   (no cloak)
rCorr    .         Harm     .   (no gloves)
MR       .....                  (no boots)
Stlth    ++........             (no amulet)
HPRegen  0.06/turn              (no ring)
MPRegen  0.10/turn              (no ring)

@: very slightly contaminated, hasted, invisible, very quick
A: negative energy resistance 1, electricity resistance, unbreathing,
petrification resistance, rot immunity, AC +3
a: no special abilities


You were on level 2 of the Dungeon.
You were not hungry.

You visited 1 branch of the dungeon, and saw 2 of its levels.

You collected 63 gold pieces.

Inventory:

Hand Weapons
 f - a +0 club
 m - a cursed +0 whip (weapon)
Missiles
 b - 170 stones (quivered)
 h - 132 poisoned needles
 k - 20 curare-tipped needles
 l - 202 arrows
 n - 328 sling bullets
Armour
 c - a +0 robe (worn)
Scrolls
 a - a scroll of enchant armour {unknown}
 j - 2 scrolls of identify {unknown}
Potions
 i - a potion of brilliance {unknown}
Comestibles
 e - 2 rations {!d}


   Skills:
 - Level 1.0 Fighting
 - Level 2.0 Maces & Flails
 - Level 1.5 Dodging
 - Level 2.4 Stealth
 - Level 2.0 Spellcasting
   Level 0.7 Transmutations
 * Level 3.8 Earth Magic


You had 5 spell levels left.
You knew the following spells:

 Your Spells              Type           Power        Failure   Level  Hunger
a - Sandblast             Erth           ##....       4%          1    #......

Your spell library contained the following spells:

 Spells                   Type           Power        Failure   Level  Hunger
 Passwall                 Tmut/Erth      #.......     13%         2    ###....
 Stone Arrow              Conj/Erth      #.....       30%         3    ###....
 Petrify                  Tmut/Erth      #.......     65%         4    #####..
 Lee's Rapid Deconstruct  Erth           ##........   77%         5    ######.


Dungeon Overview and Level Annotations

Branches:
Dungeon (2/12)

Altars:

Annotations:
D:2 Terence


Innate Abilities, Weirdness & Mutations

You are resistant to torment.
Your stone body is resilient. (AC +3)
You are immune to poison.
You resist negative energy. (rN+)
You are resistant to electric shocks. (rElec)
You can survive without breathing.
You are immune to petrification.
You are immune to rotting.


Message History

You hit Terence but do no damage.
Terence is severely wounded.
Terence hits you with a +1 short sword of holy wrath.
You barely miss Terence.
Terence is severely wounded.
Terence hits you with a +1 short sword of holy wrath!
* * * LOW HITPOINT WARNING * * *
You barely miss Terence.
Terence is severely wounded.
Terence closely misses you.
It was a potion of invisibility.
You fade into invisibility!
You are very lightly contaminated with residual magic.
You hit Terence.
Terence is almost dead.
Terence misses you.
You hit Terence.
Terence is almost dead.
Terence hits you with a +1 short sword of holy wrath.
You die...

#...b...........#
#...<..b(....>..#
#...†...........#
#...............#
##.............#
##.....#.....#
##########w## #@#
#@## #..#
##.######>
###.........
#...##.#####
#....#.#######
####.........#
##...####..
#...###


You could see Terence and a dart slug.

Vanquished Creatures
  A worm (D:1)
  3 leopard geckos
  3 goblins (D:1)
  4 hobgoblins
  5 bats
  A frilled lizard (D:1)
  3 rats
20 creatures vanquished.

Notes
Turn   | Place    | Note
-------+----------+-------------------------------------------
     0 | D:1      | pasperui the Gargoyle Earth Elementalist began the quest
                  | for the Orb.
     0 | D:1      | Reached XP level 1. HP: 10/10 MP: 3/3
    24 | D:1      | Reached skill level 1 in Fighting
   331 | D:1      | Reached skill level 1 in Maces & Flails
   331 | D:1      | Reached XP level 2. HP: 16/16 MP: 5/5
  1570 | D:2      | Reached XP level 3. HP: 9/20 MP: 4/6
  1571 | D:2      | Noticed Terence
  1890 | D:2      | Slain by Terence

Skill      XL: |  1  2 |
---------------+-------+-----
Fighting       | 1 |  1.0
Maces & Flails | 1 2 |  2.0
Dodging        | |  1.5
Stealth        | |  2.4
Spellcasting   | |  2.0
Transmutations | |  0.7
Earth Magic    | |  3.8

Action                   || total
-------------------------++-------
Melee: Club              ||    51
       Unarmed           ||     9
       Whip              ||    33
 Cast: Sandblast         ||    13
  Use: Potion            ||     2
 Stab: Sleeping          ||     2
  Eat: Chunk             ||     3
Armor: Robe              ||    31
Dodge: Dodged            ||    72
